 Dungeon Sprint DCSS version 0.27-a0-597-g524d869a0f (webtiles) character file.

Game seed: 5089455110672485469

1296 hellse the Fighter (level 8, -6/80 HPs)
             Began as a Formicid Fighter on Mar 12, 2021.
             Was a Believer of Okawaru.
             Mangled by a catoblepas (8 damage)
             ... while petrified by a catoblepas
             ... in the Dungeon (Sprint IX: "|||||||||||||||||||||||||||||").
             The game lasted 00:01:37 (362 turns).

hellse the Fighter (Formicid Fighter)                Turns: 362, Time: 00:01:37

Health: -6/80      AC: 10    Str: 22    XL:     8   Next: 86%
Magic:  10/11      EV:  2    Int:  9    God:    Okawaru [**....]
Gold:   0          SH:  0    Dex: 10    Spells: 7/7 levels left

rFire    . . .     SeeInvis +   k - +2 scimitar (holy)
rCold    . . .     Faith    .   c - +0 kite shield
rNeg     + + +     Spirit   .   m - +1 scale mail
rPois    ∞         Reflect  .   (helmet unavailable)
rElec    .         Harm     .   (no cloak)
rCorr    .         Rampage  .   (no gloves)
Will     .....                  l - +0 pair of boots
Stlth    +.........             (no amulet)
HPRegen  0.23/turn              n - +2 ring of evasion
MPRegen  0.12/turn              o - +2 ring of evasion

@: petrified, heroic
A: permanent stasis, dig shafts and tunnels, antennae 3, four strong arms
a: Dig, Renounce Religion, Heroism


You were in the Dungeon.
You worshipped Okawaru.
Okawaru was pleased with you.
You visited 1 branch

Inventory:

Hand Weapons
 a - a +0 long sword
 k - a +2 scimitar of holy wrath (weapon)
Armour
 b - a +0 scale mail
 c - a +0 kite shield (worn)
 l - a +0 pair of boots (worn)
 m - a +1 scale mail (worn)
Jewellery
 n - a +2 ring of evasion (right hand)
 o - a +2 ring of evasion (left hand)
Wands
 j - a wand of iceblast (10)
Scrolls
 i - 2 scrolls of amnesia
Potions
 d - a potion of might
 e - 5 potions of curing
 f - a potion of invisibility
 g - 4 potions of magic
 h - 2 potions of heal wounds


   Skills:
 - Level 13.7(18.7) Fighting
 - Level 12.5(17.5) Long Blades
 - Level 3.2(8.2) Armour
 - Level 3.6(8.6) Shields
 + Level 5.0 Invocations


You had 7 spell levels left.
You didn't know any spells.
Your spell library was empty.

Dungeon Overview and Level Annotations

Branches:
Dungeon (1/1)

Altars:
Cheibriados
Dithmenos
Elyvilon
Fedhas
Gozag
Hepliaklqana
Kikubaaqudgha
Makhleb
Nemelex Xobeh
Okawaru
Qazlal
Ru
Sif Muna
Trog
Uskayaw
Vehumet
Wu Jian
Xom
Yredelemnul
Zin
The Shining One
Beogh
Jiyva
Lugonu


Innate Abilities, Weirdness & Mutations

You cannot be hasted, slowed, berserked, paralysed or teleported.
You can dig through walls and to a lower floor.
You have a pair of large antennae on your head. (SInv)
Your four strong arms can wield two-handed weapons with a shield.


Message History

The catoblepas gores you!!
The catoblepas breathes a plume of calcifying dust at you.
The blast of calcifying dust hits you but does no damage.
You are engulfed in calcifying dust.
The catoblepas gores you!
* * * LOW HITPOINT WARNING * * *
You turn to flesh and can move again.
Unknown command.
Unknown command.
Unknown command.
Unknown command.
You hit the catoblepas but do no damage.
The catoblepas is moderately wounded.
You are engulfed in calcifying dust.
You are slowing down.
The catoblepas barely misses you.
Unknown command.
Unknown command.
You hit the catoblepas.
The catoblepas is moderately wounded.
You are engulfed in calcifying dust.
The catoblepas breathes a plume of calcifying dust at you.
The blast of calcifying dust hits you but does no damage.
Your limbs are stiffening.
Unknown command.
Unknown command.
Unknown command.
You hit the catoblepas.
The catoblepas is moderately wounded.
You are engulfed in calcifying dust.
The catoblepas breathes a plume of calcifying dust at you.
The blast of calcifying dust hits you but does no damage.
The catoblepas gores you!!
* * * LOW HITPOINT WARNING * * *
You have turned to stone.
You are engulfed in calcifying dust.
The catoblepas gores you!
* * * LOW HITPOINT WARNING * * *
The catoblepas gores you.
* * * LOW HITPOINT WARNING * * *
The catoblepas gores you!
You die... ▓▓▓▓▓▓▓▓▓▓▓▓▓▓▓▓▓▓▓▓▓▓▓▓▓▓▓▓▓▓▓▓ ________'.?)§.[§@YBJx....'x§{BJx ▓▓▓▓▓▓▓▓▓▓▓▓▓▓▓▓▓▓▓▓▓▓▓▓▓▓▓▓▓▓▓▓ {{{{{{{{ {{{{{{{{ { {

You could see a catoblepas, an unseen horror (invisible), a jelly and a worker ant.

Vanquished Creatures
  An unseen horror (D)
  A gargoyle (D)
  A yak (D)
  A necrophage (D)
  A phantom (D)
  A bullfrog (D)
  A hound (D)
  An orc wizard (D)
  A worker ant (D)
  An adder (D)
  An orc (D)
  A ball python (D)
  A bat (D)
  A hobgoblin (D)
  2 kobolds (D)
  A quokka (D)
17 creatures vanquished.

Vanquished Creatures (others)
  A bullfrog (D)
1 creature vanquished.

Grand Total: 18 creatures vanquished

Notes
Turn   | Place    | Note
-------+----------+-------------------------------------------
     0 | D        | hellse the Formicid Fighter began the quest for the Orb.
     0 | D        | Reached XP level 1. HP: 18/18 MP: 1/1
    14 | D        | Reached skill level 4 in Fighting
    24 | D        | Reached XP level 2. HP: 23/26 MP: 2/2
    65 | D        | Noticed a phantom
    81 | D        | Killed a phantom
    82 | D        | Reached skill level 7 in Fighting
    82 | D        | Reached XP level 3. HP: 29/36 MP: 3/3
    82 | D        | Reached XP level 4. HP: 35/43 MP: 4/4
    84 | D        | Reached XP level 5. HP: 40/49 MP: 5/5
    89 | D        | Reached skill level 8 in Fighting
   106 | D        | Found a snail-covered altar of Cheibriados.
   106 | D        | Found a shadowy altar of Dithmenos.
   106 | D        | Found a white marble altar of Elyvilon.
   106 | D        | Found a blossoming altar of Fedhas.
   106 | D        | Found an opulent altar of Gozag.
   107 | D        | Found a hazy altar of Hepliaklqana.
   108 | D        | Found a viscous altar of Jiyva.
   109 | D        | Found an ancient bone altar of Kikubaaqudgha.
   110 | D        | Found a corrupted altar of Lugonu.
   111 | D        | Found a burning altar of Makhleb.
   112 | D        | Found a sparkling altar of Nemelex Xobeh.
   113 | D        | Found an iron altar of Okawaru.
   114 | D        | Found a stormy altar of Qazlal.
   115 | D        | Found a sacrificial altar of Ru.
   116 | D        | Found a shimmering blue altar of Sif Muna.
   117 | D        | Found a bloodstained altar of Trog.
   118 | D        | Found a hide-covered altar of Uskayaw.
   119 | D        | Found a radiant altar of Vehumet.
   120 | D        | Found an ornate altar of the Wu Jian Council.
   121 | D        | Became a worshipper of Warmaster Okawaru
   122 | D        | Found a shimmering altar of Xom.
   123 | D        | Found a basalt altar of Yredelemnul.
   124 | D        | Found a glowing silver altar of Zin.
   125 | D        | Found a glowing golden altar of the Shining One.
   172 | D        | Noticed a bullfrog
   172 | D        | Noticed a necrophage
   172 | D        | Noticed a gargoyle
   172 | D        | Noticed an unseen horror
   178 | D        | Killed a bullfrog
   179 | D        | Reached skill level 9 in Fighting
   179 | D        | Reached XP level 6. HP: 59/59 MP: 6/6
   183 | D        | Killed a necrophage
   183 | D        | Reached * piety under Okawaru
   184 | D        | Reached skill level 10 in Fighting
   187 | D        | Killed a gargoyle
   188 | D        | Reached skill level 12 in Fighting
   188 | D        | Reached XP level 7. HP: 55/70 MP: 7/7
   200 | D        | Killed an unseen horror
   200 | D        | Reached ** piety under Okawaru
   201 | D        | Reached skill level 13 in Fighting
   201 | D        | Reached XP level 8. HP: 57/80 MP: 8/8
   304 | D        | Noticed a yak
   304 | D        | Noticed a catoblepas
   304 | D        | Noticed an unseen horror
   322 | D        | Killed a yak
   322 | D        | Reached *** piety under Okawaru
   342 | D        | Reached skill level 5 in Invocations
   360 | D        | HP: 3/80 [catoblepas (4)]
   362 | D        | Mangled by a catoblepas

Illustrated notes

Levels and vault maps discovered:
D:        linesprint [early_d, line_temple, items_1, d_10, items_2, lair_1,
          lair_end, items_3, orc_1, orc_end, items_4, d_15, swamp_1, shoals_1,
          snake_1, spider_1, d_20, vaults_1, items_5, swamp_end, shoals_end,
          snake_end, spider_end, vaults_end, d_27, items_6, zot_1, zot_end,
          crypt_end, forest_end, elf_end, slime_end, tomb_end, abyss_end,
          pan_hell_end]

Skill      XL: |  1  2  3  4  5  6  7  8 |
---------------+-------------------------+-----
Fighting       | 4 7 9 12 13 | 13.7
Long Blades    | 3 6 8 11 12 | 12.5
Invocations    | 5 |  5.0
Armour         | |  3.2
Shields        | |  3.6

Action                   |  1- 3 |  4- 6 |  7- 9 || total
-------------------------+-------+-------+-------++-------
Melee: Long sword        |    33 |    14 |       ||    47
       Scimitar          |       |    15 |    18 ||    33
Invok: Heroism           |       |       |     1 ||     1
  Use: Potion            |     1 |       |       ||     1
Armor: Scale mail        |    19 |    10 |    13 ||    42
Dodge: Dodged            |    11 |     8 |     5 ||    24
Block: Kite shield       |    13 |    14 |     4 ||    31
       Rpst.: Long sword |     4 |     3 |       ||     7
       Scimitar          |       |     2 |     1 ||     3

Table legend: (Time is in decaauts)
 A = Elapsed time spent in this place.
 B = Non-inter-level travel time spent in this place.
 C = Inter-level travel time spent in this place.
 D = Time resting spent in this place.
 E = Time spent auto-exploring this place.
 F = Levels seen in this place.
 G = Mean time per level.
                   A        B        C        D        E       F      G
               +--------+--------+--------+--------+--------+-----+--------+
         Total |    382 |    382 |      0 |    133 |      0 |   1 |  382.0 |
       Dungeon |    382 |    382 |      0 |    133 |      0 |   1 |  382.0 |
               +--------+--------+--------+--------+--------+-----+--------+

Top non-repeatable levels by time:
       D: 382 daAuts
